 Dungeon Crawl Stone Soup version 0.25.0-46-gbd7b0854d2 (webtiles) character file.

Game seed: 18093381312689173773

86 Ethylacetat the Poker (level 4, -5/35 HPs)
             Began as a Demonspawn Gladiator on July 17, 2020.
             Slain by a crocodile (13 damage)
             ... in a sewer.
             The game lasted 00:03:49 (2422 turns).

Ethylacetat the Poker (Demonspawn Gladiator)        Turns: 2422, Time: 00:03:49

Health: -5/35      AC:  4    Str: 16    XL:     4   Next: 27%
Magic:  4/4        EV: 12    Int:  9    God:
Gold:   70         SH:  0    Dex: 14    Spells: 3/3 levels left

rFire    + . .     SeeInvis .   k - +1 dagger (venom)
rCold    . . .     Gourm    .   (no shield)
rNeg     . . .     Faith    .   b - +0 leather armour
rPois    .         Spirit   .   c - +0 helmet
rElec    .         Reflect  .   (no cloak)
rCorr    .         Harm     .   (no gloves)
MR       .....                  (no boots)
Stlth    +.........             (no amulet)
HPRegen  0.11/turn              (no ring)
MPRegen  0.09/turn              (no ring)

@: no status effects
A: fire resistance 1
a: no special abilities


You were in a sewer.
You were not hungry.

You visited 1 branch of the dungeon, and saw 3 of its levels.
You also visited: Sewer.

You collected 70 gold pieces.

Inventory:

Hand Weapons
 a - a +0 trident
 k - a +1 dagger of venom (weapon)
Missiles
 d - 3 throwing nets (quivered)
Armour
 b - a +0 leather armour (worn)
 c - a +0 helmet (worn)
Scrolls
 e - a scroll of magic mapping {unknown}
 g - 2 scrolls of fog {unknown}
 j - 3 scrolls of identify {unknown}
 m - a scroll of random uselessness {unknown}
 o - a scroll of enchant armour {unknown}
 p - a scroll of teleportation {unknown}
 q - a scroll of fear {unknown}
Potions
 h - 2 potions of stabbing {unknown}
 l - 3 potions of curing {unknown}
 n - 2 potions of ambrosia {unknown}
Comestibles
 f - 4 rations
 i - a chunk of flesh


   Skills:
 + Level 3.0 Fighting
 * Level 4.1 Polearms
 - Level 1.7 Throwing
 - Level 2.6 Dodging


You had 3 spell levels left.
You didn't know any spells.
Your spell library was empty.

Dungeon Overview and Level Annotations

Branches:
Dungeon (3/15)              Sewer (1/1)

Altars:
Cheibriados
Qazlal
Sif Muna


Innate Abilities, Weirdness & Mutations

Your flesh is heat resistant. (rF+)


Message History

You see here a jackal skeleton.
You enter the shallow water.
Moving in this stuff is going to be slow.
You enter the shallow water.
Moving in this stuff is going to be slow.
You enter the shallow water.
Moving in this stuff is going to be slow.
A crocodile comes into view.
Found a cloak and 21 arrows.
Found 12 gold pieces.
You enter the shallow water.
Moving in this stuff is going to be slow.
The crocodile bites you!
Your unstable footing causes you to fumble your attack.
The crocodile bites you!
* * * LOW HITPOINT WARNING * * *
You hit the crocodile.
The crocodile is lightly wounded.
The crocodile bites you!
You die...

#### ####..#
#≈##..# #≈##..#
######## #≈###.##
###......###
##≈##...#
###....≈≈.≈≈.###
#.≈.#...#
#...≈.####t@≈..###
#.≈.....# #..≈..###
###.....###≈)÷....#
#..≈.≈≈##
##.≈..≈≈≈.(.#####
###.≈...
#≈≈.≈.###.≈.....#
[.##... #..≈..###
#.≈...∩.# #($ ###..
..≈..### #.≈.#.∩.#
## ## ..≈.##
##≈##...# ####
#≈###### #≈#


You could see a crocodile.

Vanquished Creatures
  A gnoll (D:1)
  2 worms (D:2)
  3 dart slugs
  4 leopard geckos (D:3)
  8 giant cockroaches
  A goblin (D:1)
  2 hobgoblins (D:1)
  9 jackals
  3 ball pythons
  8 bats
  2 frilled lizards (D:1)
  8 kobolds
  10 rats
61 creatures vanquished.

Notes
Turn   | Place    | Note
-------+----------+-------------------------------------------
     0 | D:1      | Ethylacetat the Demonspawn Gladiator began the quest for
                  | the Orb.
     0 | D:1      | Reached XP level 1. HP: 16/16 MP: 1/1
   198 | D:1      | Reached skill level 3 in Polearms
   290 | D:1      | Gained mutation: Your flesh is heat resistant. (rF+)
                  | [demonic ancestry]
   290 | D:1      | Reached XP level 2. HP: 13/23 MP: 2/2
   675 | D:1      | Reached XP level 3. HP: 25/28 MP: 3/3
  1314 | D:2      | Found a shimmering blue altar of Sif Muna.
  1688 | D:2      | Found a snail-covered altar of Cheibriados.
  1901 | D:2      | Reached skill level 4 in Polearms
  1906 | D:2      | Reached XP level 4. HP: 8/34 MP: 4/4
  1968 | D:3      | Found a stormy altar of Qazlal.
  2037 | D:3      | Found a glowing drain.
  2066 | Sewer    | Entered a sewer
  2409 | Sewer    | Noticed a crocodile
  2422 | Sewer    | Slain by a crocodile

Illustrated notes

Levels and vault maps discovered:
D:1:      lightli_arrival_maybe_door_vault, layout_loops_corners
D:2:      layout_basic, lemuel_crystal_altar, nicolae_overflow_crystal_walls
D:3:      layout_basic, okawaru_gym_becter, first_ration, gup_sewer_entry_pipe,
          hangedman_decor_diamond_cutter, nicolae_qazlal_general_emergency
Sewer:    sewer_the_crocodile

Skill      XL: |  1  2  3  4 |
---------------+-------------+-----
Polearms       | 3 4 |  4.1
Fighting       | 3 |  3.0
Throwing       | |  1.7
Dodging        | |  2.6

Action                   |  1- 3 |  4- 6 || total
-------------------------+-------+-------++-------
Melee: Trident           |    37 |       ||    37
       Dagger            |   112 |    45 ||   157
 Stab: Sleeping          |     2 |       ||     2
  Eat: Chunk             |     3 |     2 ||     5
Armor: Leather armour    |    69 |    20 ||    89
Dodge: Dodged            |   129 |    43 ||   172
